cohdb
Replays
Latest Replays
All Replays
Popular Replays
Top Player Replays
Match Explorer
How It Works
Community
CoH3 Stats
Reddit
Sign in to upload your games and track your stats! →
Sign in with Steam
Match 47101815
Unlisted
Match 47101815
Overview
Messages
Build Orders
End
Construct Section Command Post
Vickers Machine Gun Team
Dingo Light Scout Car
Vickers Machine Gun Team
Infantry Section
Construct Platoon Command Post
6-pounder Anti-tank Gun Team
Humber Armored Car
Infantry Section
Light Vehicle Training
Infantry Section
Humber Armored Car
CMP 15cwt Truck
Selects Australian Defense Battlegroup
Selects Australian Light Infantry Section
Selects Defensive Tactics
Selects Vehicle Over Repair
Humber Armored Car
Infantry Section
Grenade Package
Selects CMP 15cwt Supply Run
Selects Reinforced Resource Caches
6-pounder Anti-tank Gun Team
KMS Prinz Eugen
엽하
JIANHU
Floral Haven.
水银灯
단팥붕어빵
勇于撤退先遣兵
旧时光
0
0
Comments
sign in to comment!
No comments posted yet!